 Dungeon Crawl Stone Soup version 0.29.1-2-gbd0b4ee654 (webtiles) character file.

Game seed: 17007801996938256905

2 Lutefisk the Gusty (level 1, 0/11 HPs)
             Began as a Tengu Air Elementalist on Nov 15, 2022.
             Slain by a jackal (1 damage)
             ... on level 1 of the Dungeon.
             The game lasted 00:00:38 (44 turns).

Lutefisk the Gusty (Tengu Air Elementalist)           Turns: 44, Time: 00:00:39

Health: 0/11       AC:  2    Str:  8    XL:     1   Next: 30%
Magic:  4/4        EV: 12    Int: 15    God:
Gold:   0          SH:  0    Dex: 14    Spells: 3/4 levels left

rFire   . . .      SeeInvis .   (no weapon)
rCold   . . .      Faith    .   (no shield)
rNeg    . . .      Spirit   .   a - +0 robe
rPois   .          Reflect  .   (helmet restricted)
rElec   .          Harm     .   (no cloak)
rCorr   .          Rampage  .   (no gloves)
Will    .....                   (boots unavailable)
Stlth   ++........              (no amulet)
HPRegen 0.03/turn               (no ring)
MPRegen 0.09/turn               (no ring)

@: no status effects
A: beak, talons 3
a: no special abilities


You were on level 1 of the Dungeon.
You visited 1 branch of the dungeon, and saw 1 of its levels.

Inventory:

Armour
 a - a +0 robe (worn)
Jewellery
 c - a ring of ice


   Skills:
 * Level 0.6 Fighting
 - Level 2.1 Dodging
 - Level 2.0 Stealth
 - Level 2.0 Spellcasting
 - Level 1.3 Conjurations
 - Level 4.0 Air Magic


You had 3 spell levels left.
You knew the following spells:

 Your Spells              Type           Power      Damage    Failure   Level
a - Shock                 Conj/Air       36%        1d5       8%          1

Your spell library contained the following spells:

 Spells                   Type           Power      Damage    Failure   Level
 Static Discharge         Conj/Air       9%         3-5/arc   11%         2
 Swiftness                Air            13%        N/A       13%         3
 Airstrike                Air            6%         2d(1-17)  38%         4


Dungeon Overview and Level Annotations

Branches:
Dungeon (1/15)

Altars:


Innate Abilities, Weirdness & Mutations

You have a beak for a mouth.
You have claws for feet.


Message History

The zap hits the jackal.
The jackal is heavily wounded.
The zap hits the jackal.
The jackal is severely wounded.
The jackal bites you.
Casting: Shock (safe; 8% risk of failure)
Confirm with . or Enter, or press ? or * to list all spells.
Aiming: Shock (safe; 8% risk of failure)
Press: ? - help, Shift-Dir - straight line You miscast Shock.
You are very lightly contaminated with residual magic.
Nothing appears to happen.
The jackal closely misses you. The jackal bites you.
Unknown command.
Casting: Shock (safe; 8% risk of failure)
Confirm with . or Enter, or press ? or * to list all spells.
Aiming: Shock (safe; 8% risk of failure)
Press: ? - help, Shift-Dir - straight line The zap hits the jackal.
The jackal is severely wounded.
The zap hits the jackal.
You kill the jackal!
The zap hits the jackal.
The jackal is moderately wounded.
The jackal misses you. The jackal barely misses you. x2
The jackal misses you. The jackal attacks as you move away!
The jackal bites you.
The jackal bites you but does no damage.
The jackal barely misses you.
Your magical contamination has completely faded away.
The jackal attacks as you move away! The jackal bites you.
The jackal attacks as you move away! The jackal bites you.
Found 5 gold pieces.
The jackal attacks as you move away!
The jackal bites you but does no damage.
The jackal bites you.
* * * LOW HITPOINT WARNING * * *
The jackal bites you.
* * * LOW HITPOINT WARNING * * *
You aren't carrying any scrolls.
Magic courses through your body. The jackal bites you.
You die...

h.......# ........#
......h.# ......h.##
..l......# ########.##
### #### #####8†8## #
.#8.$#..###........#####
.......@h#..............
##8..#..h...............
## ####...............
#####....#......
#########... ####


You could see 2 jackals.

Vanquished Creatures
  A jackal (D:1)
  A frilled lizard (D:1)
2 creatures vanquished.

Notes
Turn   | Place    | Note
-------+----------+-------------------------------------------
     0 | D:1      | Lutefisk the Tengu Air Elementalist began the quest for the
                  | Orb.
     0 | D:1      | Reached XP level 1. HP: 10/10 MP: 4/4
    44 | D:1      | Slain by a jackal

Illustrated notes

Levels and vault maps discovered:
D:1:      eino_arrival_cavern_e, layout_rooms, ebering_dispersal_statue_hall

Action                   || total
-------------------------++-------
 Cast: Shock             ||     3
  Use: Potion            ||     1
Armor: Robe              ||     2
Dodge: Dodged            ||     6
